 Dungeon Crawl Stone Soup version 0.28-a0-1629-gf728b707aa (webtiles) character file.

Game seed: 13686969360043053290

72 HallandMoats the Skirmisher (level 4, 0/38 HPs)
             Began as a Ghoul Fighter on Jan 25, 2022.
             Was a Follower of Trog.
             Slain by an orc (1 damage)
             ... on level 3 of the Dungeon.
             The game lasted 00:01:42 (1599 turns).

HallandMoats the Skirmisher (Ghoul Fighter)         Turns: 1599, Time: 00:01:42

Health: 0/38       AC:  6    Str: 19    XL:     4   Next: 26%
Magic:  4/4        EV:  9    Int:  5    God:    Trog [*.....]
Gold:   73         SH:  4    Dex:  8    Spells: 3/3 levels left

rFire   . . .      SeeInvis .   f - +4 dagger
rCold   + . .      Faith    .   c - +0 buckler
rNeg    + + +      Spirit   .   b - +0 scale mail
rPois   ∞          Reflect  .   (no helmet)
rElec   .          Harm     .   (no cloak)
rCorr   .          Rampage  .   (no gloves)
Will    .....                   (no boots)
Stlth   ..........              (no amulet)
HPRegen 0.00/turn               m - ring of flight
MPRegen 0.09/turn               (no ring)

@: flying, inhibited regen
A: claws 1, cold resistance 1, negative energy resistance 3, inhibited
regeneration, torment resistance 2
a: Renounce Religion


You were on level 3 of the Dungeon.
You worshipped Trog.
Trog was aware of your devotion.
You visited 1 branch of the dungeon, and saw 3 of its levels.

You collected 73 gold pieces.

Inventory:

Hand Weapons
 a - a +0 trident
 f - a +4 dagger (weapon)
Armour
 b - a +0 scale mail (worn)
 c - a +0 buckler (worn)
Jewellery
 g - a +6 ring of intelligence
 m - a ring of flight (left claw)
Scrolls
 e - 3 scrolls of identify {unknown}
 h - a scroll of fog {unknown}
 k - 2 scrolls of enchant weapon {unknown}
 l - a scroll of enchant armour {unknown}
Potions
 d - a potion of might
 i - a potion of mutation {unknown}
 j - a potion of heal wounds {unknown}


   Skills:
 + Level 3.5 Fighting
 * Level 2.4 Polearms
 + Level 3.0 Armour
 + Level 1.1 Dodging
 + Level 3.0 Shields
 * Level 1.7 Invocations


You had 3 spell levels left.
You didn't know any spells.
Your spell library contained the following spells:

 Spells                   Type           Power      Damage    Failure   Level
 Ozocubu's Armour         Ice            0%         N/A       99%         3
 Ozocubu's Refrigeration  Ice            0%         4d5       100%        7


Dungeon Overview and Level Annotations

Branches:
Dungeon (3/15)

Altars:
Trog

Shops:
D:2 [


Innate Abilities, Weirdness & Mutations

You thrive by killing the living.
You are immune to poison.
You have sharp fingernails.
Your flesh is cold resistant. (rC+)
You are immune to negative energy. (rN+++)
You do not regenerate when monsters are visible.
You are immune to unholy pain and torment.


Message History

The orc barely misses you.
You hit the orc but do no damage.
The orc is moderately wounded.
The orc closely misses you.
You hit the orc but do no damage.
The orc is moderately wounded.
The orc misses you. The orc hits you with a +0 trident.
You barely miss the orc.
The orc is moderately wounded.
You block the orc's attack.
You hit the orc but do no damage.
The orc is moderately wounded.
The orc hits you with a +0 trident.
You hit the orc but do no damage.
The orc is moderately wounded.
The orc barely misses you.
You hit the orc.
The orc is severely wounded.
The orc hits you with a +0 trident.
You hit the orc but do no damage.
The orc is severely wounded.
You block the orc's attack.
You hit the orc but do no damage.
The orc is severely wounded.
The orc hits you with a +0 trident.
* * * LOW HITPOINT WARNING * * *
You barely miss the orc.
The orc is severely wounded.
You block the orc's attack.
You barely miss the orc.
The orc is severely wounded.
The orc hits you with a +0 trident.
* * * LOW HITPOINT WARNING * * *
You hit the orc but do no damage.
The orc is severely wounded.
The orc misses you.
You hit the orc but do no damage.
The orc is severely wounded.
The orc hits you with a +0 trident.
You die...

...... ... ..... ...
#..o# #.# #o.o# #..
#.oo# #.# ##...## #.#
####.....# #<#
.......o#######.####.#
.####..oo@†..##......#
#..o####.###.#####
#...#.......#.#
.......##.###.##
###...# #.###.# ....#
#.##..# #....> ..##.##
#.#.# ####.# #.#


You could see 4 orcs.

Vanquished Creatures
  2 adders (D:2)
  2 dart slugs
  An orc (D:3)
  2 endoplasms
  3 giant cockroaches
  A goblin (D:1)
  12 hobgoblins
  A jackal (D:2)
  3 kobolds (D:1)
  2 quokkas
  A ball python (D:1)
  6 bats
  3 frilled lizards
  8 rats
47 creatures vanquished.

Notes
Turn   | Place    | Note
-------+----------+-------------------------------------------
     0 | D:1      | HallandMoats the Ghoul Fighter began the quest for the Orb.
     0 | D:1      | Reached XP level 1. HP: 19/19 MP: 0/0
    72 | D:1      | Reached XP level 2. HP: 26/26 MP: 1/1
   125 | D:1      | Reached skill level 1 in Invocations
   317 | D:1      | Found a faded altar of an unknown god.
   324 | D:1      | Prayed at the altar of an unknown god.
   324 | D:1      | Became a worshipper of Trog the Wrathful
   324 | D:1      | Reached * piety under Trog
   685 | D:1      | Reached XP level 3. HP: 31/31 MP: 2/2
   923 | D:2      | Found Usu Vooh's Antique Armour Emporium.
  1114 | D:2      | Reached skill level 1 in Dodging
  1121 | D:2      | Reached XP level 4. HP: 22/38 MP: 4/4
  1597 | D:3      | HP: 1/38 [orc (6)]
  1599 | D:3      | Slain by an orc

Illustrated notes

Levels and vault maps discovered:
D:1:      minmay_arrival_shattered_statue, layout_rooms,
          hellmonk_ecumenical_altar_pennies_from_heaven
D:2:      minmay_spotlight, layout_basic, serial_shops, shop
D:3:      layout_loops_cross

Skill      XL: |  1  2  3  4 |
---------------+-------------+-----
Polearms       | 2 |  2.4
Invocations    | 1 |  1.7
Shields        | 3 |  3.0
Dodging        | 1 |  1.1
Armour         | 3 |  3.0
Fighting       | |  3.5

Action                   |  1- 3 |  4- 6 || total
-------------------------+-------+-------++-------
Melee: Trident           |    23 |       ||    23
       Dagger            |    91 |    52 ||   143
Armor: Scale mail        |    73 |    17 ||    90
Dodge: Dodged            |    61 |    27 ||    88
Block: Buckler           |    24 |     8 ||    32

Table legend: (Time is in decaauts)
 A = Elapsed time spent in this place.
 B = Non-inter-level travel time spent in this place.
 C = Inter-level travel time spent in this place.
 D = Time resting spent in this place.
 E = Time spent auto-exploring this place.
 F = Levels seen in this place.
 G = Mean time per level.
                   A        B        C        D        E       F      G
               +--------+--------+--------+--------+--------+-----+--------+
         Total |   1609 |   1584 |     25 |      0 |   1271 |   3 |  536.3 |
       Dungeon |   1609 |   1584 |     25 |      0 |   1271 |   3 |  536.3 |
               +--------+--------+--------+--------+--------+-----+--------+

Top non-repeatable levels by time:
     D:2: 815 daAuts
     D:1: 746 daAuts
     D:3: 47 daAuts
